 Dungeon Crawl Stone Soup version 0.20.1-1-g8b1a95d (webtiles) character file.

118 ubername the Skirmisher (level 4, -11/37 HPs)
             Began as a Demonspawn Abyssal Knight on Oct 9, 2017.
             Was a Believer of Lugonu.
             Killed by nerve-wracking pain
             ... invoked by Grinder
              (13 damage)
             ... on level 3 of the Dungeon.
             The game lasted 00:06:49 (2544 turns).

ubername the Skirmisher (Demonspawn Abyssal Knight) Turns: 2544, Time: 00:06:50

Health: -11/37     AC:  5    Str: 14    XL:     4   Next: 72%
Magic:  5/5        EV: 17    Int: 16    God:    Lugonu [**....]
Gold:   67         SH:  0    Dex: 17    Spells: 3/3 levels left

rFire    + . .     SeeInvis .   a - +1 hand axe
rCold    + . .     Gourm    .   (no shield)
rNeg     . . .     Faith    .   b - +0 leather armour
rPois    +         Spirit   .   u - +1 helmet
rElec    +         Reflect  .   (no cloak)
rCorr    +         Harm     +   (no gloves)
MR       .....                  (no boots)
Stlth    +++.......             e - amulet of harm
Regen    0.2/turn               o - +3 ring of intelligence
MPRegen  0.1/turn               (no ring)

@: agile, resistant
A: powered by death 1, powered by pain 1
a: Depart the Abyss, Bend Space, Renounce Religion


You were on level 3 of the Dungeon.
You worshipped Lugonu.
Lugonu was pleased with you.
You were not hungry.

You visited 1 branch of the dungeon, and saw 3 of its levels.
You visited the Abyss 1 time.

You collected 67 gold pieces.

Inventory:

Hand Weapons
 a - a +1 hand axe (weapon)
 l - a +0 spear
 p - a +2 mace of holy wrath
 t - a +0 hand axe
Missiles
 d - 46 stones (quivered)
Armour
 b - a +0 leather armour (worn)
 f - a +0 leather armour
 j - a +0 chain mail
 u - a +1 helmet (worn)
 w - a +0 plate armour
 y - a cursed +0 ring mail
Jewellery
 e - an amulet of harm (around neck)
 o - a +3 ring of intelligence (left hand)
 x - an uncursed ring of flight {unknown}
Scrolls
 g - a scroll of immolation {unknown}
 k - 4 scrolls of teleportation
 n - 2 scrolls of remove curse
 A - a scroll of amnesia
Potions
 i - 2 potions of might {unknown}
 m - a potion of degeneration {unknown}
 q - a potion of brilliance {unknown}
 v - a potion of flight {unknown}
Comestibles
 c - 4 fruits
 r - a meat ration
 s - 2 royal jellies


   Skills:
 * Level 3.8 Fighting
 * Level 2.9 Axes
 * Level 2.4 Armour
 + Level 1.4 Dodging
 * Level 1.4 Stealth
 + Level 2.4 Invocations


You had 3 spell levels left.
You didn't know any spells.

Dungeon Overview and Level Annotations

Branches:
Dungeon (3/15)

Altars:
Ashenzari
Gozag
Kikubaaqudgha
Trog

Annotations:
D:3 Grinder


Innate Abilities, Weirdness & Mutations

You regenerate a little health from kills.
You sometimes gain a little power by taking damage.


Message History

You hit Grinder.
Grinder is moderately wounded.
Grinder gestures at you.
You suddenly lose the ability to move!
Grinder blinks!
You can move again.
Grinder gestures at you. Pain shoots through your body!
* * * LOW HITPOINT WARNING * * *
You focus on the pain.
You feel agile all of a sudden.
It was a potion of resistance.
You feel protected. Grinder gestures at you.
You resist with significant effort.
You hit Grinder.
Grinder is moderately wounded.
Grinder gestures at you. Pain shoots through your body!
You die...

### ### ..###.... ###
####.#..... #.. #......#
#..
########.##.###########..
..........#..............
.#######@.#############..
#5.# #######.. #....
.........
#..#############.. #>..
............ ##...
...........# ...
......##...#
...#.####.##.#.# #.##.#.#


You could see Grinder.

Vanquished Creatures
  Robin (D:2)
  3 adders
  An ooze (D:3)
  4 leopard geckos
  5 giant cockroaches
  21 goblins
  8 hobgoblins
  6 kobolds
  3 ball pythons
  3 bats
  4 frilled lizards
  8 rats
  A fungus (D:1)
68 creatures vanquished.

Notes
Turn   | Place    | Note
-------+----------+-------------------------------------------
     0 | Abyss:1  | ubername the Demonspawn Abyssal Knight began the quest for the Orb.
     0 | Abyss:1  | Reached XP level 1. HP: 18/18 MP: 2/2
     0 | D:1      | Escaped the Abyss
    94 | D:1      | Reached skill level 1 in Dodging
   101 | D:1      | Gained mutation: You regenerate a little health from kills. [demonic ancestry]
   101 | D:1      | Reached XP level 2. HP: 4/24 MP: 3/3
   360 | D:1      | Reached * piety under Lugonu
   360 | D:1      | Reached skill level 1 in Stealth
   686 | D:1      | Gained mutation: You sometimes gain a little power by taking damage. [demonic ancestry]
   686 | D:1      | Reached XP level 3. HP: 18/29 MP: 4/4
   928 | D:2      | Noticed Robin
   947 | D:2      | Killed Robin
  1030 | D:2      | Found an ancient bone altar of Kikubaaqudgha.
  1030 | D:2      | Found a bloodstained altar of Trog.
  1030 | D:2      | Found an opulent altar of Gozag.
  1252 | D:2      | Reached XP level 4. HP: 18/37 MP: 5/5
  1277 | D:2      | Reached ** piety under Lugonu
  2250 | D:3      | Found a shattered altar of Ashenzari.
  2526 | D:3      | Noticed Grinder
  2528 | D:3      | Paralysed by Grinder for 7 turns
  2538 | D:3      | Paralysed by Grinder for 3 turns
  2541 | D:3      | HP: 1/37 [Grinder/nerve-wracking pain (15)]
  2544 | D:3      | Killed from afar by Grinder

Skill      XL: |  1  2  3 |
---------------+----------+-----
Dodging        | 1 |  1.4
Stealth        | 1 |  1.4
Axes           | 2 |  2.9
Armour         | 2 |  2.4
Fighting       | |  3.8
Invocations    | |  2.4

Action                   |  1- 3 |  4- 6 || total
-------------------------+-------+-------++-------
Melee: Hand axe          |   178 |    64 ||   242
Invok: Depart the Abyss  |     1 |       ||     1
  Use: Scroll            |     5 |     4 ||     9
       Potion            |       |     1 ||     1
 Stab: Sleeping          |     1 |     1 ||     2
  Eat: Chunk             |     1 |     2 ||     3
       Bread ration      |       |     1 ||     1
Armor: Leather armour    |    30 |    26 ||    56
Dodge: Dodged            |    77 |    33 ||   110
